 Dungeon Crawl Stone Soup version 0.32-a0-779-g362cfcae2a (webtiles) character file.

Game seed: 13967815429045866048

40399 kae the Carver (level 14, 0/154 HPs)
             Began as a Coglin Gladiator on Mar 19, 2024.
             Was a High Priest of Okawaru.
             Slain by a 15-headed hydra (9 damage)
             ... on level 5 of the Lair of Beasts.
             The game lasted 00:20:53 (21410 turns).

kae the Carver (Coglin Gladiator)                  Turns: 21410, Time: 00:20:53

Health: 0/154      AC: 17    Str: 12    XL:     14   Next: 10%
Magic:  21/21      EV: 12    Int:  9    God:    Okawaru [*****.]
Gold:   1218       SH:  0    Dex: 20    Spells: 13/13 levels left

rFire   . . .        v - +3 demon blade (elec) {Chun}
rCold   + . .        (no shield)
rNeg    . . .        k - +4 scale mail {rPois}
rPois   +            E - +2 hat {Will+}
rElec   .            (no cloak)
rCorr   +            (no gloves)
SInv    .            V - +2 pair of boots
Will    +++..        (amulet unavailable) Stlth
                     (ring unavailable)
HPRegen 0.45/turn    (ring unavailable)
MPRegen 0.17/turn    S - hydroactuator L-90 {AutoDazzle, rPois Will+ rCorr}

%: no passive effects
@: berserking (expiring), revved, very quick
A: off-hand wielding, slow wielding, warmup strikes, no jewellery, cold
resistance 1, deterioration 1, weak 1
a: Renounce Religion, Heroism, Finesse, Duel


You were on level 5 of the Lair of Beasts.
You worshipped Okawaru.
Okawaru was extremely pleased with you.
You visited 3 branches of the dungeon, and saw 19 of its levels.
You also visited: Ossuary.

You collected 1231 gold pieces.
You spent 13 gold pieces at shops.


Innate Abilities, Weirdness & Mutations

You can wield a second weapon in your off-hand.
It takes a long time for you to wield or remove held weapons.
Your first few attacks do less damage.
You cannot equip rings or amulets.
Your flesh is cold resistant. (rC+)
Your body sometimes deteriorates upon taking damage.
You are weak. (Str -2)


   Skills:
 + Level 7.1 Fighting
 + Level 14.0 Long Blades
 + Level 2.1 Throwing
 + Level 8.0 Armour
 + Level 7.0 Dodging
 - Level 5.0 Stealth
 - Level 10.0 Invocations
 - Level 10.0 Evocations


You had 13 spell levels left.
You didn't know any spells.
Your spell library contained the following spells:

 Spells                   Type           Power      Damage    Failure   Level
 Sandblast                Erth           0%         2d4       86%         1
 Shock                    Conj/Air       0%         1d3       86%         1
 Sting                    Conj/Alch      0%         1d3       86%         1
 Mercury Vapours          Alch/Air       0%         N/A       94%         2
 Sublimation of Blood     Necr           0%         N/A       94%         2
 Inner Flame              Hex/Fire       0%         N/A       99%         3
 Mephitic Cloud           Conj/Alch/Air  0%         N/A       99%         3
 Stone Arrow              Conj/Erth      0%         3d7       99%         3
 Swiftness                Air            0%         N/A       99%         3
 Airstrike                Air            0%         2d(0-16)  100%        4
 Brom's Barrelling Bould  Conj/Erth      0%         2d3       100%        4
 Iskenderun's Mystic Bla  Conj/Tloc      0%         2d3       100%        4
 Manifold Assault         Tloc           0%         N/A       100%        4
 Olgreb's Toxic Radiance  Alch           0%         N/A       100%        4
 Petrify                  Alch/Erth      0%         N/A       100%        4
 Vhi's Electric Charge    Tloc/Air       0%         N/A       100%        4
 Fireball                 Conj/Fire      0%         3d3       100%        5
 Freezing Cloud           Conj/Ice/Air   0%         6-21      100%        5
 Irradiate                Conj/Alch      0%         3d11      100%        5
 Iskenderun's Battlesphe  Conj           0%         2d6       100%        5
 Conjure Ball Lightning   Conj/Air       0%         3x3d6     100%        6
 Orb of Destruction       Conj           0%         9d5       100%        7
 Ignition                 Fire           0%         3d3       100%        8

Inventory:

Hand Weapons
 a - a +2 long sword {Centenhua}
 f - a +0 dagger {Kasem}
 q - a +1 short sword of protection {Li}
   (You took it off a kobold on level 2 of the Dungeon)
 v - a +3 demon blade of electrocution (weapon) {Chun}
   (You acquired it on level 10 of the Dungeon)
Missiles
 d - 4 throwing nets (quivered) {=f!f}
 e - 15 javelins
 i - 168 stones
 m - 53 poisoned darts
 y - 18 boomerangs
 F - 2 curare-tipped darts {=f}
Armour
 b - a +0 leather armour
 c - a +0 helmet
 k - a +4 scale mail of poison resistance (worn)
   (You found it on level 1 of the Dungeon)
 E - a +2 hat of willpower (worn)
   (You took it off Gastronok on level 10 of the Dungeon)
 V - a +2 pair of boots (worn)
   (You found it on level 7 of the Dungeon)
Magical Staves
 K - a staff of air {!a}
   (You found it on level 4 of the Lair of Beasts)
 P - a staff of earth {!a}
   (You took it off Jorgrun on level 13 of the Dungeon)
 U - a staff of death {!a}
   (You found it on level 4 of the Lair of Beasts)
Gizmo
 S - a hydroactuator L-90 (installed) {AutoDazzle, rPois Will+ rCorr}
   (You invented it yourself on level 4 of the Lair of Beasts)

   [hydroactuator L-90]

   AutoDazzle: It sometimes fires a blinding ray at enemies whose attacks you
   dodge.
   rPois:     It protects you from poison.
   Will+:     It increases your willpower.
   rCorr:     It protects you from acid and corrosion.
Jewellery
 g - an amulet of regeneration
   (You found it in an ossuary)
 A - an amulet of the acrobat
   (You found it on level 1 of the Dungeon)
 I - a +6 ring of intelligence
   (You found it on level 4 of the Lair of Beasts)
 L - a ring of flight
   (You took it off an orc on level 5 of the Dungeon)
 T - an amulet of faith {!P}
   (You found it on level 4 of the Dungeon)
 W - a ring of magical power
   (You found it on level 8 of the Dungeon)
 Z - a ring of wizardry
   (You took it off a goblin on level 4 of the Dungeon)
Wands
 p - a wand of digging (7)
   (You found it on level 3 of the Dungeon)
 D - a wand of polymorph (2)
   (You found it on level 9 of the Dungeon)
 R - a wand of warping (7)
   (You found it on level 13 of the Dungeon)
Scrolls
 h - 7 scrolls of blinking {!r}
 j - 2 scrolls of poison
 l - a scroll of amnesia
 G - 2 scrolls of summoning
 H - 5 scrolls of identify {@r1}
 J - a scroll of revelation
 Q - a scroll of acquirement
Potions
 n - 4 potions of brilliance
 o - 6 potions of lignification {!q}
 r - a potion of cancellation
 s - 7 potions of curing {@q1}
 t - 4 potions of mutation {!q}
 u - 4 potions of heal wounds {@q2}
 w - 4 potions of haste {@q3}
 z - 2 potions of enlightenment
 B - 3 potions of invisibility
 C - 2 potions of attraction {!q}
 M - 2 potions of degeneration {!q}
 N - 4 potions of might
 O - 9 potions of ambrosia

Dungeon Overview and Level Annotations

Branches:
Dungeon (13/15) Zot: 25706  Temple (1/1) D:6 Zot: 5983    Lair (5/5) D:11 Zot: 25911
 Shoals (0/4) Lair:3       Spider (0/4) Lair:3          Orc (0/2) D:12
Ossuary (visited)
  Slime: Lair:4-5    Vaults: D:13-14

Altars:
Ashenzari
Cheibriados
Dithmenos
Elyvilon
Fedhas
Gozag
Hepliaklqana
Kikubaaqudgha
Makhleb
Nemelex Xobeh
Okawaru
Qazlal
Ru
Sif Muna
Trog
Uskayaw
Vehumet
Wu Jian
Xom
Yredelemnul
Zin
The Shining One

Shops:
D:13 !

Annotations:
D:3 2 transporters, Pikel; tajemnic's ghost, amateur DsSh
D:6 2 runed translucent doors, Subbak's ghost, novice DsMo
D:9 2 transporters, Nilihum's ghost, novice DrAE

...... .#.. ##....#
##... #P..... #....
#P...P .##P... ##.....
....... #.#...# .......
#....# ......D#########
##...P
.....YY@..PP...#####...P
P.....YY..P....#P#......
#.......................
......./................
#............<.........#
#......##.....##...#...#
P.....# ##.#########....
PP...# ### #.... ....
.....


You could see a 15-headed hydra and 4 yaks.


Message History

The six-headed hydra barely misses you.
The six-headed hydra closely misses you.
The yak closely misses you. 😮 HP[-24]
You take 24 damage, and now have 85/154 hp.
You barely miss the six-headed hydra.
Unknown command.
You hack one of the six-headed hydra's heads off!
The five-headed hydra grows two more!
You slash the seven-headed hydra!
You chop one of the seven-headed hydra's heads off!
The six-headed hydra grows two more!
You slash the eight-headed hydra!
The eight-headed hydra misses you. x2; The eight-headed hydra bites you!
The eight-headed hydra bites you but does no damage. x2
The eight-headed hydra bites you!
* * * LOW HITPOINT WARNING * * *
The eight-headed hydra bites you but does no damage.
The eight-headed hydra bites you.
* * * LOW HITPOINT WARNING * * *
The yak gores you but does no damage. 😨 HP[-19]
You take 19 damage, and now have 66/154 hp.
Unknown command.
You slice one of the eight-headed hydra's heads off!
The seven-headed hydra grows two more!
You slice the nine-headed hydra!!
You slice one of the nine-headed hydra's heads off!
The eight-headed hydra grows two more!
You slash the ten-headed hydra!
Lightning courses through the ten-headed hydra!
The ten-headed hydra bites you.
* * * LOW HITPOINT WARNING * * *
The ten-headed hydra bites you but does no damage. x2
The ten-headed hydra completely misses you.
The ten-headed hydra bites you.
* * * LOW HITPOINT WARNING * * *
The ten-headed hydra bites you!
* * * LOW HITPOINT WARNING * * *
The ten-headed hydra bites you but does no damage.
The ten-headed hydra barely misses you.
The ten-headed hydra bites you but does no damage. x2
The yak gores you.
* * * LOW HITPOINT WARNING * * *
Unknown command. 😨 HP[-19]
You take 19 damage, and now have 47/154 hp.
You lop one of the ten-headed hydra's heads off!
The nine-headed hydra grows two more!
You slice the 11-headed hydra!!
You lop one of the 11-headed hydra's heads off!
The ten-headed hydra grows two more!
You slice the 12-headed hydra!!
Unknown command.
You barely miss the 12-headed hydra.
The 12-headed hydra bites you but does no damage.
The 12-headed hydra completely misses you.
The 12-headed hydra bites you but does no damage.
The 12-headed hydra barely misses you.
The 12-headed hydra bites you but does no damage.
The 12-headed hydra misses you. The 12-headed hydra closely misses you.
The 12-headed hydra bites you but does no damage.
The 12-headed hydra barely misses you.
The 12-headed hydra bites you but does no damage.
The 12-headed hydra bites you!
* * * LOW HITPOINT WARNING * * *
The 12-headed hydra misses you.
The yak gores you but does no damage. x2 😨 HP[-8]
You take 8 damage, and now have 39/154 hp.
Unknown command.
You lop one of the 12-headed hydra's heads off!
The 11-headed hydra grows two more!
You slash the 13-headed hydra! 😨 HP[+1] Unknown command.
You slice one of the 13-headed hydra's heads off!
The 12-headed hydra grows two more!
You slice the 14-headed hydra!! The yak gores you.
* * * LOW HITPOINT WARNING * * *
The yak gores you but does no damage. The yak closely misses you.
The 14-headed hydra bites you but does no damage. x2
The 14-headed hydra closely misses you.
The 14-headed hydra bites you but does no damage. x3
The 14-headed hydra barely misses you. x2
The 14-headed hydra bites you but does no damage. x5
The 14-headed hydra bites you.
* * * LOW HITPOINT WARNING * * *
😱 HP[-10]
You take 10 damage, and now have 30/154 hp.
Unknown command.
You lop one of the 14-headed hydra's heads off!
The 13-headed hydra grows two more!
You hit the 15-headed hydra.
Unknown command.
You barely miss the 15-headed hydra.
Unknown command.
You completely miss the 15-headed hydra.
The 15-headed hydra barely misses you.
The 15-headed hydra bites you but does no damage. x4
The 15-headed hydra bites you.
* * * LOW HITPOINT WARNING * * *
The 15-headed hydra closely misses you. The 15-headed hydra bites you!
* * * LOW HITPOINT WARNING * * *
The 15-headed hydra bites you.
* * * LOW HITPOINT WARNING * * *
The 15-headed hydra bites you but does no damage. x2
The 15-headed hydra misses you. The 15-headed hydra bites you!
You die...

Skill      XL: |  1  2  3  4  5  6  7  8  9 10 11 12 13 14 |
---------------+-------------------------------------------+-----
Long Blades    | 4 5 6 7 9 11 14 | 14.0
Fighting       | 3 7 |  7.1
Armour         | 4 8 |  8.0
Invocations    | 3 5 7 10 | 10.0
Dodging        | 4 7 |  7.0
Stealth        | 5 |  5.0
Evocations     | 9 10 | 10.0
Throwing       | 2 |  2.1

Action                     |  1- 3 |  4- 6 |  7- 9 | 10-12 | 13-15 || total
---------------------------+-------+-------+-------+-------+-------++-------
  Melee: Long sword        |    64 |   133 |   472 |   307 |       ||   976
         Dagger            |    42 |       |       |       |       ||    42
         Short sword       |    10 |   127 |   437 |   388 |       ||   962
         Demon blade       |       |       |       |   410 |   448 ||   858
 Invoke: Heroism           |       |       |     3 |    10 |     3 ||    16
         Finesse           |       |       |       |     2 |     1 ||     3
Ability: Invent Gizmo      |       |       |       |       |     1 ||     1
  Evoke: Wand              |       |       |       |    20 |     2 ||    22
    Use: Potion            |     2 |     3 |     1 |     2 |     1 ||     9
         Scroll            |       |     5 |    15 |     7 |     4 ||    31
   Stab: Invisible         |     1 |     6 |       |       |       ||     7
         Paralysed         |       |       |       |     6 |     2 ||     8
         Sleeping          |       |       |       |     2 |     3 ||     5
 Armour: Scale mail        |    43 |   130 |   304 |   420 |   388 ||  1285
         Leather armour    |     3 |       |       |       |       ||     3
  Dodge: Dodged            |    30 |    77 |   169 |   255 |   231 ||   762

Levels and vault maps discovered:
D:1:      onia_arrival_mini_maze_b, layout_loops_corners, minmay_misc_feat_tiny,
          minmay_pentomino_v2
D:2:      layout_basic, basic_altar, hellmonk_ecumenical_altar_the_god_not_taken
D:3:      layout_loops_ring, general_overflow_altar, old_standard_altar,
          gammafunk_ghost_mausoleum
D:4:      layout_basic, minmay_pentangle, uniq_pikel, uniq_menkaure, uniq_robin,
          uniq_sigmund
D:5:      minmay_diamond_boxcup, layout_layer_cave, nzn_hepliaklqana_mist_gate,
          chequers_ossuary_entry_cave, nicolae_letterblocks
          [nicolae_letter_subblock, nicolae_letter_subblock,
          nicolae_letter_subblock, nicolae_letter_subblock,
          nicolae_letter_subblock, nicolae_letter_subblock,
          nicolae_letter_subblock, nicolae_letter_subblock,
          nicolae_letter_subblock, nicolae_letter_subblock,
          nicolae_letter_subblock, nicolae_letter_subblock,
          nicolae_letter_subblock, nicolae_letter_subblock,
          nicolae_letter_subblock, nicolae_letter_subblock,
          nicolae_letter_subblock, nicolae_letter_subblock,
          nicolae_letter_subblock, nicolae_letter_subblock,
          nicolae_letter_subblock, nicolae_letter_subblock,
          nicolae_letter_subblock, nicolae_letter_subblock,
          nicolae_letter_subblock]
D:6:      layout_loops_ring, minitemple, minmay_temple_entry_steel_oval,
          ebering_ghost_sewer_f
D:7:      layout_cave_pools, hellmonk_ghost_happy_afterlife, uniq_jeremiah
D:8:      layout_basic, lemuel_coloured_pillars_altar,
          mainiacjoe_overflow_boulevard
D:9:      layout_loops_ring, mainiacjoe_overflow_chevrons, special_room
          [special_room_orc], gammafunk_ghost_smash
D:10:     minmay_cut_squares, layout_basic,
          mainiacjoe_overflow_concentric_impassable, fedhas_altar_3,
          mainiacjoe_overflow_catwalk, serial_bayou, serial_bayou_lagoon_b,
          serial_bayou_crossing, serial_bayou_ford_a, serial_bayou_pond_d,
          uniq_urug, uniq_gastronok
D:11:     layout_roguey, lair_entry_dummy, special_room [special_room_bee],
          dreamdust_princess_corridor, uniq_psyche
D:12:     layout_gridville, zombieorc1_lemuel, minmay_misc_feat_four_crosses,
          uniq_rupert, uniq_frances
D:13:     layout_irregular_city, serial_shops, nicolae_stop_n_shop_1,
          uniq_jorgrun
Temple:   eino_wide_crystal_templ
Lair:1:   layout_concentric_octagons, lemuel_fruit_tree, serial_bayou_shore_b
Lair:2:   layout_gridlike
Lair:3:   layout_regular_city, minmay_shoals_entry_lonely_mermaid,
          spider_nest_entry_web_field, hangedman_lair_unloving_vines,
          gammafunk_lair_bear_cave
Lair:4:   nzn_winding_woodlands_cross [nzn_winding_woodlands_5x15_twine,
          nzn_winding_woodlands_5x15_longhouse,
          nzn_winding_woodlands_5x15_split_checker,
          nzn_winding_woodlands_5x15_crooked,
          nzn_winding_woodlands_15x15_boxy_spiral], layout_hall_layers,
          gammafunk_ghost_grave, basic_altar
Lair:5:   grunt_lair_end_beastmaster, layout_cellular_growth, slime_entry_2

Notes
Turn   | Place    | Note
-------+----------+-------------------------------------------
     0 | D:1      | kae the Coglin Gladiator began the quest for the Orb.
     0 | D:1      | Reached XP level 1. HP: 16/16 MP: 1/1
     0 | D:1      | magus.rc [v1.11.3]
   148 | D:1      | You pick up a book of Air and begin reading...
   148 | D:1      | You add the spells Shock, Swiftness and Airstrike to your
                  | library.
   348 | D:1      | Reached XP level 2. HP: 18/22 MP: 2/2
   989 | D:2      | Reached skill level 4 in Long Blades
   998 | D:2      | Reached XP level 3. HP: 27/27 MP: 3/3
  1000 | D:2      | Found a faded altar of an unknown god.
  1014 | D:2      | Found a faded altar of an unknown god.
  1079 | D:2      | You pick up a book of Geomancy and begin reading...
  1079 | D:2      | You add the spells Sandblast, Stone Arrow and Brom's
                  | Barrelling Boulder to your library.
  1229 | D:2      | Found a sacrificial altar of Ru.
  1233 | D:2      | You pick up a book of Vapours and begin reading...
  1233 | D:2      | You add the spells Mercury Vapours, Mephitic Cloud and
                  | Freezing Cloud to your library.
  1243 | D:2      | You pick up a book of Spontaneous Combustion and begin
                  | reading...
  1243 | D:2      | You add the spells Inner Flame, Irradiate and Ignition to
                  | your library.
  1708 | D:2      | Reached XP level 4. HP: 31/33 MP: 4/4
  1720 | D:2      | Reached skill level 5 in Long Blades
  1947 | D:3      | Found a glowing golden altar of the Shining One.
  2021 | D:3      | Reached XP level 5. HP: 38/38 MP: 5/5
  2063 | D:3      | Found an opulent altar of Gozag.
  2070 | D:3      | You add the spells Iskenderun's Mystic Blast, Manifold
                  | Assault and Vhi's Electric Charge to your library.
  2070 | D:3      | Got Dirph's Tome of Movement
  2199 | D:3      | Reached skill level 6 in Long Blades
  2221 | D:3      | Found a transporter.
  2223 | D:3      | Noticed tajemnic's ghost (amateur DsSh)
  2225 | D:3      | Found a transporter.
  2366 | D:3      | Reached XP level 6. HP: 37/44 MP: 6/6
  2615 | D:4      | Noticed Pikel
  2753 | D:3      | Gained mutation: You are weak. (Str -2) [potion of
                  | mutation]
  2753 | D:3      | Gained mutation: Your body sometimes deteriorates upon
                  | taking damage. [potion of mutation]
  2753 | D:3      | Gained mutation: Your flesh is cold resistant. (rC+)
                  | [potion of mutation]
  2757 | D:3      | HP: 10/44 [Pikel/+2 whip of electrocution (7)]
  3108 | D:4      | Reached skill level 7 in Long Blades
  3155 | D:4      | Noticed Menkaure
  3439 | D:4      | Killed Menkaure
  3440 | D:4      | Reached XP level 7. HP: 50/50 MP: 7/7
  3564 | D:4      | Reached skill level 8 in Long Blades
  3928 | D:4      | Noticed Robin
  3937 | D:4      | Killed Robin
  4079 | D:4      | Noticed Sigmund
  4088 | D:4      | Killed Sigmund
  4089 | D:4      | Reached skill level 9 in Long Blades
  4485 | D:5      | Entered Level 5 of the Dungeon
  4498 | D:5      | Reached XP level 8. HP: 53/56 MP: 8/8
  4627 | D:5      | Found a sand-covered staircase.
  4636 | Ossuary  | Entered an ossuary
  4777 | Ossuary  | Reached skill level 10 in Long Blades
  5210 | D:5      | Reached skill level 11 in Long Blades
  5427 | D:5      | You pick up a book of the Spheres and begin reading...
  5427 | D:5      | You add the spells Iskenderun's Battlesphere, Fireball,
                  | Conjure Ball Lightning and Orb of Destruction to your
                  | library.
  5630 | D:5      | Found a hazy altar of Hepliaklqana.
  5652 | D:5      | Reached XP level 9. HP: 51/61 MP: 9/9
  5919 | D:5      | You add the spells Sting and Olgreb's Toxic Radiance to
                  | your library.
  6365 | D:6      | Found a staircase to the Ecumenical Temple.
  6379 | D:6      | Reached skill level 12 in Long Blades
  6396 | Temple   | Entered the Ecumenical Temple
  6405 | Temple   | Became a worshipper of Warmaster Okawaru
  6516 | D:6      | Found a runed translucent door.
  6521 | D:6      | Noticed Subbak's ghost (novice DsMo)
  6911 | D:6      | Found a runed translucent door.
  7364 | D:6      | Found a broken altar of Ashenzari.
  7366 | D:6      | Found an ancient bone altar of Kikubaaqudgha.
  7367 | D:6      | Found a radiant altar of Vehumet.
  7411 | D:7      | Noticed Jeremiah
  7510 | D:7      | Reached * piety under Okawaru
  7511 | D:7      | Reached skill level 13 in Long Blades
  7512 | D:7      | Noticed noobster's ghost (novice MiFi)
  7539 | D:7      | Found a runed translucent door.
  7712 | D:7      | HP: 14/60 [Jeremiah/divine providence (11)]
  7724 | D:7      | Killed Jeremiah
  7730 | D:7      | HP: 15/61 [gnoll/+0 spear (5)]
  8269 | D:7      | HP: 12/61 [noobster's ghost (5)]
  8275 | D:7      | HP: 5/61 [noobster's ghost (8)]
  8277 | D:7      | Killed noobster's ghost
  8278 | D:7      | Reached skill level 14 in Long Blades
  8278 | D:7      | Reached skill level 3 in Fighting
  8278 | D:7      | Reached XP level 10. HP: 6/71 MP: 10/10
  8705 | D:8      | Reached skill level 4 in Fighting
  8744 | D:8      | Reached ** piety under Okawaru
  8884 | D:8      | Noticed a two-headed ogre
  8894 | D:8      | HP: 14/73 [two-headed ogre/+0 giant spiked club (13)]
  8895 | D:8      | Killed a two-headed ogre
  8896 | D:8      | Reached skill level 5 in Fighting
  8912 | D:8      | HP: 15/76 [orc warrior/+0 flail (5)]
  8913 | D:8      | HP: 6/76 [orc warrior/+0 flail (9)]
  9070 | D:8      | Reached skill level 6 in Fighting
  9239 | D:8      | Found a white marble altar of Elyvilon.
  9640 | D:8      | Found a bloodstained altar of Trog.
 10053 | D:9      | Reached skill level 7 in Fighting
 10118 | D:9      | Reached skill level 1 in Armour
 10118 | D:9      | Reached skill level 1 in Invocations
 10222 | D:9      | Noticed a green ugly thing
 10241 | D:9      | Killed a green ugly thing
 10242 | D:9      | Reached skill level 2 in Armour
 10247 | D:9      | Reached skill level 2 in Invocations
 10272 | D:9      | HP: 19/79 [orc wizard/puff of flame (5)]
 10282 | D:9      | HP: 19/79 [orc wizard/+0 dagger (2)]
 10285 | D:9      | Reached *** piety under Okawaru
 10556 | D:9      | Reached skill level 3 in Armour
 10653 | D:9      | Found a transporter.
 10654 | D:9      | Noticed a two-headed ogre
 10654 | D:9      | Identified the +4 giant club of Forgiveness {heavy, Will+}
 10654 | D:9      | Identified the +3 dire flail "Tiodgh" {freeze, Stlth+}
 10654 | D:9      | Noticed a two-headed ogre
 10654 | D:9      | Noticed Nilihum's ghost (novice DrAE)
 10655 | D:9      | Noticed a two-headed ogre
 10656 | D:9      | Noticed a two-headed ogre
 10815 | D:9      | Found a hide-covered altar of Uskayaw.
 11095 | D:9      | Noticed a two-headed ogre
 11097 | D:9      | Found a transporter.
 11115 | D:9      | Noticed a two-headed ogre
 11124 | D:9      | Killed a two-headed ogre
 11125 | D:9      | Reached skill level 4 in Armour
 11125 | D:9      | Reached skill level 3 in Invocations
 11125 | D:9      | Reached XP level 11. HP: 65/84 MP: 10/13
 11268 | D:10     | Entered Level 10 of the Dungeon
 11309 | D:10     | Reached skill level 4 in Invocations
 11452 | D:10     | Reached **** piety under Okawaru
 11453 | D:10     | Reached skill level 5 in Armour
 11592 | D:10     | Found an ornate altar of the Wu Jian Council.
 11890 | D:10     | Found a blossoming altar of Fedhas.
 11926 | D:10     | Found a sacrificial altar of Ru.
 12172 | D:10     | Reached skill level 5 in Invocations
 12352 | D:10     | Noticed a five-headed hydra
 12353 | D:10     | Noticed a deep elf pyromancer
 12393 | D:10     | Identified a scroll of acquirement
 12393 | D:10     | Acquired a +2 demon blade of electrocution
 12556 | D:10     | Noticed a green ugly thing
 12575 | D:10     | Killed a green ugly thing
 12576 | D:10     | Reached skill level 6 in Armour
 12589 | D:10     | HP: 16/84 [freezing wraith (8)]
 12814 | D:10     | Noticed Gastronok
 12814 | D:10     | Noticed Urug
 12891 | D:10     | Killed Urug
 12892 | D:10     | Reached skill level 7 in Armour
 12904 | D:10     | Killed Gastronok
 12980 | D:11     | Found a staircase to the Lair.
 13042 | D:11     | Reached skill level 8 in Armour
 13180 | D:11     | Reached skill level 3 in Dodging
 13267 | D:11     | Noticed a cyclops
 13273 | D:11     | Killed a cyclops
 13358 | D:11     | Noticed a two-headed ogre
 13371 | D:11     | Killed a two-headed ogre
 13371 | D:11     | Reached ***** piety under Okawaru
 13372 | D:11     | Reached skill level 4 in Dodging
 13372 | D:11     | Reached XP level 12. HP: 82/91 MP: 15/15
 13438 | D:11     | Reached skill level 5 in Dodging
 13537 | D:11     | Noticed Psyche
 13549 | D:11     | Killed Psyche
 13620 | D:11     | Noticed a two-headed ogre
 13633 | D:11     | Killed a two-headed ogre
 13634 | D:11     | Reached skill level 6 in Dodging
 13775 | D:11     | Received a gift from Okawaru
 13799 | D:11     | Reached skill level 7 in Dodging
 13819 | D:11     | Reached skill level 1 in Stealth
 14049 | D:11     | Noticed a two-headed ogre
 14054 | D:11     | Killed a two-headed ogre
 14055 | D:11     | Reached skill level 2 in Stealth
 14187 | D:12     | Noticed Rupert
 14202 | D:12     | Killed Rupert
 14203 | D:12     | Reached skill level 4 in Stealth
 14378 | D:12     | Found a staircase to the Orcish Mines.
 14405 | D:12     | Reached skill level 5 in Stealth
 15133 | D:12     | Noticed Frances
 15148 | D:12     | Killed Frances
 15149 | D:12     | Reached skill level 6 in Invocations
 15526 | D:12     | Identified the +6 chain mail of Rucsudd {rC+}
 15826 | D:13     | Found Hoghes's Distillery.
 15830 | D:13     | Bought a potion of degeneration for 13 gold pieces
 15859 | D:13     | Reached skill level 7 in Invocations
 15863 | D:13     | Received a gift from Okawaru
 15864 | D:13     | Reached XP level 13. HP: 80/96 MP: 18/18
 15915 | D:13     | Noticed Jorgrun
 15929 | D:13     | Killed Jorgrun
 15996 | D:13     | Reached skill level 8 in Invocations
 16882 | D:13     | Reached skill level 9 in Invocations
 17182 | Lair:1   | Entered Level 1 of the Lair of Beasts
 17348 | Lair:1   | You fall into a shaft and drop 1 floor!
 17357 | Lair:2   | Received a gift from Okawaru
 17600 | Lair:3   | Found a hole to the Spider Nest.
 17625 | Lair:3   | Reached skill level 1 in Evocations
 17894 | Lair:3   | Reached skill level 2 in Evocations
 18019 | Lair:3   | Found a staircase to the Shoals.
 18053 | Lair:3   | Reached skill level 3 in Evocations
 18487 | Lair:3   | Reached skill level 4 in Evocations
 18501 | Lair:3   | Received a gift from Okawaru
 18502 | Lair:3   | Reached skill level 10 in Invocations
 18891 | Lair:3   | Reached skill level 5 in Evocations
 18949 | Lair:3   | Identified the +1 arbalest of the New World {freeze,
                  | ^Fragile Will++ MP+9 Dex+3}
 19046 | Lair:4   | Found a runed translucent door.
 19047 | Lair:4   | Noticed Zenatt's ghost (journeyman TrFi)
 19248 | Lair:4   | Reached skill level 6 in Evocations
 19375 | Lair:4   | Reached skill level 7 in Evocations
 19616 | Lair:4   | You pick up a book of Transmutation and begin reading...
 19616 | Lair:4   | You add the spells Sublimation of Blood and Petrify to your
                  | library.
 19743 | Lair:4   | Found a blossoming altar of Fedhas.
 19854 | Lair:4   | Reached skill level 8 in Evocations
 20116 | Lair:4   | Received a gift from Okawaru
 20224 | Lair:4   | Reached skill level 9 in Evocations
 20296 | Lair:4   | Reached XP level 14. HP: 68/103 MP: 21/21
 20400 | Lair:4   | Acquired a hydroactuator L-90 {AutoDazzle, rPois Will+
                  | rCorr}
 20702 | Lair:4   | Reached skill level 10 in Evocations
 21110 | Lair:4   | Killed Zenatt's ghost
 21111 | Lair:4   | Reached skill level 2 in Throwing
 21324 | Lair:5   | Entered Level 5 of the Lair of Beasts
 21407 | Lair:5   | HP: 34/154 [yak (6)]
 21410 | Lair:5   | HP: 12/154 [15-headed hydra (12)]
 21410 | Lair:5   | Slain by a 15-headed hydra

Vanquished Creatures
  Jorgrun (D:13)
  Rupert (D:12)
  Frances (D:12)
  Gastronok (D:10)
  The ghost of Zenatt the Brawler, a journeyman TrFi of Ashenzari (Lair:4)
  A catoblepas (Lair:3)
  A hydra (Lair:4)
  A boulder beetle (Lair:4)
  7 two-headed ogres
  Urug (D:10)
  A skyshark (Lair:3)
  The ghost of noobster the Slasher, a novice MiFi of Lugonu (D:7)
  3 manticores
  2 ugly things
  2 deep elf pyromancers (D:13)
  3 cyclopes
  A merfolk siren (Lair:3)
  3 black mambas
  A torpor snail (Lair:4)
  2 gargoyles
  2 cane toads
  2 rime drakes
  An unseen horror (D:13)
  Jeremiah (D:7)
  A freezing wraith (D:10)
  6 komodo dragons
  Psyche (D:11)
  2 polar bears
  A queen bee (D:11)
  A hornet (D:9)
  6 dream sheep (Lair:4)
  2 trolls
  2 blink frogs
  Sigmund (D:4)
  4 slime creatures (D:13)
  4 shadows (D:12)
  3 wyverns
  25 yaks
  2 steam dragons
  Menkaure (D:4)
  6 vampire mosquitoes
  An acid dragon (D:12)
  7 water moccasins
  7 orc warriors
  3 black bears
  An ogre (D:5)
  An ice beast (D:7)
  A laughing skull (D:10)
  15 wolves
  4 centaurs
  3 lemures
  6 kobold brigands
  A phantom (D:6)
  8 bullfrogs
  A gnoll sergeant (D:12)
  3 scorpions
  8 wights
  A troll zombie (D:12)
  26 killer bees
  3 howler monkeys
  12 electric eels
  8 hounds
  3 bullfrog zombies (Ossuary)
  4 orc priests
  3 bombardier beetles
  3 jellies (D:6)
  3 sleepcaps (D:5)
  2 iguanas (D:6)
  6 orc wizards
  A killer bee zombie (Ossuary)
  3 crocodile zombies (Ossuary)
  5 ogre zombies (D:12)
  5 hound zombies (Ossuary)
  3 mummies (Ossuary)
  7 howler monkey zombies (Ossuary)
  Robin (D:4)
  13 gnolls
  8 adders
  2 white imps
  4 ufetubi
  4 ribbon worms
  3 dart slugs
  53 orcs
  12 endoplasms
  A giant cockroach (D:4)
  2 gnoll zombies (D:12)
  14 goblins
  11 hobgoblins
  46 kobolds
  5 quokkas
  3 ball pythons
  7 ball python zombies (Ossuary)
  2 bats (D:2)
  A frilled lizard (D:1)
  2 gnoll skeletons (D:12)
  3 orc skeletons (D:12)
  12 orc zombies (D:12)
  2 rats
488 creatures vanquished.

Table legend:
 A = Non-vault XP
 B = Vault XP
 C = Vault XP percentage of total XP
 D = Non-vault monster count
 E = Vault monster count
 F = Vault count percentage of total count
                 A         B        C        D         E       F
            +---------+---------+-------+---------+---------+-------
      Total |   36272 |   21442 |  37.2 |     316 |     169 |  34.8
            +---------+---------+-------+---------+---------+-------
        D:1 |      13 |       6 |  31.6 |       8 |       3 |  27.3
        D:2 |     108 |       0 |   0.0 |      21 |       0 |   0.0
        D:3 |     242 |       0 |   0.0 |      21 |       0 |   0.0
        D:4 |     261 |     536 |  67.3 |      22 |      22 |  50.0
        D:5 |     625 |     199 |  24.2 |      16 |       6 |  27.3
        D:6 |    1047 |       0 |   0.0 |      31 |       0 |   0.0
        D:7 |     597 |    1027 |  63.2 |      17 |       2 |  10.5
        D:8 |    2019 |       0 |   0.0 |      24 |       0 |   0.0
        D:9 |    2460 |     246 |   9.1 |      12 |      24 |  66.7
       D:10 |    3708 |    3301 |  47.1 |      40 |       5 |  11.1
       D:11 |    5056 |    2078 |  29.1 |      18 |      25 |  58.1
       D:12 |    2957 |    4032 |  57.7 |      20 |      30 |  60.0
       D:13 |    5995 |    1913 |  24.2 |      18 |       1 |   5.3
     Lair:1 |    1385 |       0 |   0.0 |       7 |       0 |   0.0
     Lair:2 |     403 |       0 |   0.0 |       3 |       0 |   0.0
     Lair:3 |    5723 |     965 |  14.4 |      26 |       4 |  13.3
     Lair:4 |    3284 |    6597 |  66.8 |      11 |      18 |  62.1
     Lair:5 |     389 |       0 |   0.0 |       1 |       0 |   0.0
    Ossuary |       0 |     542 | 100.0 |       0 |      29 | 100.0
            +---------+---------+-------+---------+---------+-------

Skill      XL: |  1  2  3  4  5  6  7  8  9 10 11 12 13 14 |
---------------+-------------------------------------------+-----
Long Blades    | 4 5 6 7 9 11 14 | 14.0
Fighting       | 3 7 |  7.1
Armour         | 4 8 |  8.0
Invocations    | 3 5 7 10 | 10.0
Dodging        | 4 7 |  7.0
Stealth        | 5 |  5.0
Evocations     | 9 10 | 10.0
Throwing       | 2 |  2.1

Action                     |  1- 3 |  4- 6 |  7- 9 | 10-12 | 13-15 || total
---------------------------+-------+-------+-------+-------+-------++-------
  Melee: Long sword        |    64 |   133 |   472 |   307 |       ||   976
         Dagger            |    42 |       |       |       |       ||    42
         Short sword       |    10 |   127 |   437 |   388 |       ||   962
         Demon blade       |       |       |       |   410 |   448 ||   858
 Invoke: Heroism           |       |       |     3 |    10 |     3 ||    16
         Finesse           |       |       |       |     2 |     1 ||     3
Ability: Invent Gizmo      |       |       |       |       |     1 ||     1
  Evoke: Wand              |       |       |       |    20 |     2 ||    22
    Use: Potion            |     2 |     3 |     1 |     2 |     1 ||     9
         Scroll            |       |     5 |    15 |     7 |     4 ||    31
   Stab: Invisible         |     1 |     6 |       |       |       ||     7
         Paralysed         |       |       |       |     6 |     2 ||     8
         Sleeping          |       |       |       |     2 |     3 ||     5
 Armour: Scale mail        |    43 |   130 |   304 |   420 |   388 ||  1285
         Leather armour    |     3 |       |       |       |       ||     3
  Dodge: Dodged            |    30 |    77 |   169 |   255 |   231 ||   762

Illustrated notes

Table legend:
 A = Kills in this place as a percentage of kills in the entire game.
 B = Kills by you in this place as a percentage of kills by you in the entire game.
 C = Kills by friends in this place as a percentage of kills by friends in the entire game.
 D = Other kills in this place as a percentage of other kills in the entire game.
 E = Experience gained in this place as a percentage of experience gained in the entire game.
 F = Experience gained in this place divided by the number of levels of this place that you have seen.
                   A       B       C       D       E      F
               +-------+-------+-------+-------+-------+----------------------
         Total | 100.0 | 100.0 |   N/A |   N/A | 100.0 | 2885.7
       Dungeon |  79.6 |  79.6 |   N/A |   N/A |  66.6 | 2955.8
          Lair |  14.4 |  14.4 |   N/A |   N/A |  32.5 | 3749.2
       Ossuary |   6.0 |   6.0 |   N/A |   N/A |   0.9 | 542.0
               +-------+-------+-------+-------+-------+----------------------

Table legend: (Time is in decaauts)
 A = Elapsed time spent in this place.
 B = Non-inter-level travel time spent in this place.
 C = Inter-level travel time spent in this place.
 D = Time resting spent in this place.
 E = Time spent auto-exploring this place.
 F = Levels seen in this place.
 G = Mean time per level.
                   A        B        C        D        E       F      G
               +--------+--------+--------+--------+--------+-----+--------+
         Total |  20841 |  20238 |    603 |   2288 |  14957 |  20 | 1042.1 |
       Dungeon |  16283 |  15728 |    555 |   1816 |  11551 |  13 | 1252.5 |
        Temple |     16 |      3 |     13 |      0 |      2 |   1 |   16.0 |
          Lair |   4088 |   4053 |     35 |    462 |   3124 |   5 |  817.6 |
       Ossuary |    452 |    452 |      0 |     10 |    280 |   1 |  452.0 |
               +--------+--------+--------+--------+--------+-----+--------+

Top non-repeatable levels by time:
  Lair:4: 2231 daAuts
    D:10: 1660 daAuts
    D:12: 1616 daAuts
  Lair:3: 1574 daAuts
     D:4: 1509 daAuts
     D:8: 1507 daAuts
     D:5: 1370 daAuts
    D:13: 1225 daAuts
     D:9: 1181 daAuts
    D:11: 1167 daAuts
     D:6: 1127 daAuts
     D:3: 991 daAuts
     D:1: 978 daAuts
     D:2: 974 daAuts
     D:7: 972 daAuts
